[Event "FIDE WY-U16 Olympiad 2022"]
[Site "Nakhchivan"]
[Date "2022.10.05"]
[Round "4.24"]
[White "Caballero Ramos, Greter"]
[Black "Berdibaeva, Edisa"]
[Result "1-0"]
[ECO "B12"]
[WhiteElo "1912"]
[BlackElo "1617"]
[Annotator "TA"]
[PlyCount "55"]
[EventDate "2022.10.02"]
[EventType "team-tourn"]
[EventCountry "AZE"]
[SourceTitle "playchess.com"]
[Source "ChessBase"]
[SourceQuality "1"]
[WhiteTeam "Cuba"]
[BlackTeam "Kyrgyzstan"]
[WhiteTeamCountry "CUB"]
[BlackTeamCountry "KGZ"]
[TimeControl "40/5400+30:1800+30"]

1. e4 c6 2. d4 d5 3. f3 Qb6 4. Nc3 e6 5. Bd3 {[%emt 0:07:03] [#]} Qxd4 $146 ({Predecessor:} 5... Nf6 6. Nge2 c5 7. exd5 Nxd5 8. O-O Nxc3 9. bxc3 Nc6 10. Kh1 Be7 11. Be3 Bd7 {0-1 (33) Beerdsen,T (2479)-Oparin,G (2652) Chess.com INT 2020}) 6. Qe2 {[%emt 0:20:33] B12: Caro-Kann: Advance Variation.} (6. exd5 exd5 7. Qe2+ Be7 8. Be3) 6... Ne7 7. Bf4 (7. f4 $15) 7... Nd7 (7... Qb6 $17 8. O-O-O d4) 8. O-O-O $15 {[%emt 0:01:47] Black is slightly better.} Qf6 (8... Qb6 $17) 9. Nh3 $11 e5 {[%emt 0:09:24] [#]} (9... g6 $11) 10. Bg5 {[%emt 0:03:42] White is more active.} (10. exd5 $1 $16 exf4 11. Rhe1) 10... Qe6 $1 {[%emt 0:00:29] And now ...d4 would win.} 11. f4 (11. exd5 $11 Nxd5 12. Nxd5 cxd5 13. Rhe1) 11... f6 (11... d4 $1 $17 {Strongly threatening ...f6.} 12. Bc4 Qg6) 12. Bh4 (12. fxe5 $11 {remains equal.} fxg5 13. exd5 Qxe5 14. Qd2) 12... Nb6 $2 (12... d4 $1 $17 {stays on course. aiming for ...Nb6.} 13. Bc4 Qd6) 13. fxe5 ({Better is} 13. exd5 $1 $16 Nexd5 14. Nxd5 Nxd5 15. Rde1) 13... Qxe5 {[%emt 0:04:32][%mdl 8192] Loses the game.} (13... d4 $11 {and Black stays safe.} 14. exf6 gxf6 15. Qh5+ Qf7 16. Qxf7+ Kxf7) 14. Bg3 $18 Qe6 15. Nf4 {[%emt 0:00:38][%mdl 64] Deflection} Qg4 (15... Qe5 $2 16. Nfxd5 $1 Qg5+ 17. Bf4 $18) 16. Qf2 (16. exd5 Qxe2 17. Bxe2 Bd7 $16) 16... Qg5 (16... d4 $142) 17. Kb1 Bd7 $2 (17... d4) 18. h4 Qh6 19. exd5 O-O-O 20. dxc6 Nxc6 21. Nb5 {[%emt 0:00:26][%cal Of4d5] Intending Nd5! and mate.} f5 22. Rhe1 {[%emt 0:02:15][%cal Od3f5] Bxf5! is the strong threat.} Qf6 23. c3 {[%emt 0:02:31] Black must now prevent Bc2.} h6 24. h5 Be7 25. Ng6 Rhe8 {[%emt 0:00:21] [#]} 26. Ne5 (26. Nxa7+ $142 $1 Nxa7 27. Nxe7+ Rxe7 28. Qf4 Re5 29. Rxe5 Bc6 30. Bxf5+ Qxf5+ 31. Qxf5+ Nd7 32. Ra5) 26... Na4 (26... f4 $18 27. Bxf4 Bf5) 27. Nxc6 Bc5 28. Ncxa7+ {[%emt 0:00:18] Weighted Error Value: White=0.91/Black=1.39} 1-0

[Event "FIDE WY-U16 Olympiad 2022"]
[Site "Nakhchivan"]
[Date "2022.10.05"]
[Round "4.24"]
[White "Goliath, Brimarion"]
[Black "Maklakova, Naomi"]
[Result "0-1"]
[ECO "C73"]
[WhiteElo "1394"]
[BlackElo "1625"]
[Annotator "NA RC COMBH"]
[PlyCount "170"]
[EventDate "2022.10.02"]
[EventType "team-tourn"]
[EventCountry "AZE"]
[SourceTitle "playchess.com"]
[Source "ChessBase"]
[SourceQuality "1"]
[WhiteTeam "South Africa"]
[BlackTeam "Latvia"]
[WhiteTeamCountry "RSA"]
[BlackTeamCountry "LAT"]
[TimeControl "40/5400+30:1800+30"]

1. e4 e5 2. Nf3 Nc6 3. Bb5 a6 4. Ba4 d6 5. Bxc6+ bxc6 6. d4 exd4 7. Nxd4 c5 8. Nf3 Bb7 9. Nc3 Nf6 10. Bg5 Be7 11. Qe2 O-O 12. O-O Re8 13. Nd2 Nxe4 14. Bxe7 Nxc3 15. Qd3 Rxe7 16. Qxc3 Re6 17. Rfe1 Rg6 18. f3 Qd7 19. Re2 Bd5 20. Rae1 Be6 21. Ne4 Qb5 22. a3 h6 23. Ng3 d5 24. f4 d4 25. Qf3 Rd8 26. Qf2 Bc4 27. Re7 Re6 28. R1xe6 Bxe6 29. f5 Bd5 30. b3 Re8 31. Qe1 Kf8 32. Rxe8+ Qxe8 33. Qa5 Qc6 34. Qd2 Qb6 35. Ne2 Qc6 36. Ng3 Kg8 37. Qf2 Qf6 38. Qf4 c6 39. Qf1 a5 40. Qa6 Qg5 41. Qe2 Qc1+ 42. Kf2 Qf4+ 43. Kg1 Kh7 44. Qe1 c4 45. bxc4 Bxc4 46. h3 d3 47. cxd3 Bxd3 48. Qf2 Qc1+ 49. Kh2 Qxa3 50. f6 Qc3 51. fxg7 Qxg7 52. Qc5 Bg6 53. Qxa5 Qd4 54. Ne2 Qd6+ 55. Kh1 Qd1+ 56. Ng1 Qc1 57. Kh2 Qf4+ 58. Kh1 Qf2 59. Qe5 c5 60. Kh2 c4 61. Nf3 Qc2 62. h4 Qf5 63. Qc7 Qe4 64. Qc5 Qf4+ 65. Kg1 Qc1+ 66. Kf2 c3 67. Qd5 c2 68. h5 Qf4 69. hxg6+ Kg7 70. g3 Qc7 71. Qd4+ f6 72. Nh4 c1=Q 73. Nf5+ Kxg6 74. Nh4+ Kg7 75. Qg4+ Qg5 76. Nf5+ Kh7 77. Qe4 Qg6 78. g4 Qc5+ 79. Kf1 Qb5+ 80. Kf2 Qb2+ 81. Kf1 Qc1+ 82. Kf2 Qd2+ 83. Kf1 Qd1+ 84. Kf2 Qgxg4 85. Ne3+ Qxe4 0-1

[Event "FIDE WY-U16 Olympiad 2022"]
[Site "Nakhchivan"]
[Date "2022.10.05"]
[Round "4.25"]
[White "Teh, Rui Gen"]
[Black "Caputcuoglu, Zeki Berke"]
[Result "0-1"]
[ECO "C41"]
[WhiteElo "1824"]
[BlackElo "2370"]
[Annotator "TA"]
[PlyCount "100"]
[EventDate "2022.10.02"]
[EventType "team-tourn"]
[EventCountry "AZE"]
[SourceTitle "playchess.com"]
[Source "ChessBase"]
[SourceQuality "1"]
[WhiteTeam "Malaysia"]
[BlackTeam "Turkey"]
[WhiteTeamCountry "MAS"]
[BlackTeamCountry "TUR"]
[TimeControl "40/5400+30:1800+30"]

1. e4 e5 2. Nf3 d6 3. d4 exd4 4. Nxd4 Nf6 5. Nc3 Be7 6. Be2 O-O 7. O-O Re8 8. Re1 Bf8 {[%emt 0:00:28] C41: Philidor Defence.} 9. Bf3 (9. Bc4 {with more complications.} Nbd7 10. Bg5 c6 11. a4) 9... h6 {[%emt 0:08:15] [#]} 10. g3 $146 ({Predecessor:} 10. h3 Nbd7 11. g4 Nc5 12. Bg2 c6 13. Bf4 Qb6 14. Nb3 Ne6 15. Bg3 a5 16. a4 {1-0 (47) Palkovi,J (2426)-Marjanusic,V (2273) Subotica 2004}) 10... c5 {[%emt 0:02:29] The position is equal.} 11. Nde2 Nc6 12. Bg2 Bd7 13. Nf4 Ne5 14. b3 g6 15. Bb2 b5 16. Ncd5 {[%emt 0:11:50] aiming for Nxf6+.} Nxd5 (16... Bc6 $14 {might be stronger.}) 17. Nxd5 $16 {[%emt 0:00:09] Threatens to win with f4.} Bg7 $1 18. Rb1 b4 19. h3 (19. Ne3 $16) 19... Nc6 20. Bxg7 Kxg7 21. Qd2 Nd4 {[%emt 0:01:12] [#]} (21... Be6 $11) 22. c3 (22. Nxb4 $1 $16 Bxh3 23. c3) 22... bxc3 $11 23. Qxc3 Bc6 24. Nf4 Qf6 25. Rbd1 a5 {[%emt 0:01:08] Prevents b4.} 26. Qd3 Rab8 27. Qd2 Rb5 (27... a4 $17 28. Ne2 Nf3+ 29. Bxf3 Qxf3 30. Qc3+ Qxc3 31. Nxc3 axb3 32. Rxd6 Bxe4 $1 33. axb3 Ba8 34. Rxe8 Rxe8) 28. Ne2 Rb4 29. Nxd4 Rxd4 30. Qxa5 (30. Qc1 $11 {remains equal.}) 30... Ra8 $17 ({But not} 30... Bxe4 31. Rxd4 Qxd4 32. Bxe4 Rxe4 33. Rxe4 Qxe4 34. Qc3+ Kf8 35. Qf6 $11) 31. Qc3 Rxa2 32. Qe3 Qe5 ({Black should try} 32... Bb5 $17) 33. Rc1 $2 (33. f4 $1 $11 {and White has nothing to worry.} Qf6 34. Rxd4 cxd4 35. Qd3) 33... Rdd2 $19 34. Rcd1 Rdc2 35. Rc1 Rxc1 (35... Rxf2 $19 36. Bh1 Kg8) 36. Qxc1 Qd4 (36... Bd7 $17 37. Rd1 Be6) 37. Qf4 (37. Qe3 $1 $11 {was the only way to keep the balance.}) 37... Ra1 $36 {[%emt 0:02:42][%mdl 2048] Keeping White busy.} 38. Rxa1 Qxa1+ {[%emt 0:00:01][%mdl 4096] Endgame KQB-KQB} 39. Kh2 {[%emt 0:00:06] [#]} Qd4 40. h4 Bd7 41. Bh3 Bc6 42. Bg2 h5 43. e5 $2 {[%emt 0:00:45][%mdl 8192] [#]} (43. Kg1 $17) 43... Bxg2 $2 {[%emt 0:00:00] Active counter play!} (43... Qxf4 $1 $19 {and Black stays clearly on top.} 44. gxf4 Bxg2 45. Kxg2 d5) 44. Qf6+ Kg8 {[%emt 0:00:00] ( -> ...Bd5)} 45. Qd8+ Kh7 46. Kxg2 Qxe5 47. Qb6 Kg7 48. Kf3 $2 (48. Kf1 $17) 48... d5 $19 {[%emt 0:00:00][%csl Gd5][%cal Re5e4,Bd6d5,Bd5d4][%mdl 32] Black is clearly winning.} 49. Kg2 d4 50. Qd8 Qe4+ {[%emt 0:00:00] Weighted Error Value: White=0.66/Black=0.43} 0-1

[Event "FIDE WY-U16 Olympiad 2022"]
[Site "Nakhchivan"]
[Date "2022.10.05"]
[Round "4.25"]
[White "Nwedo, Khodani"]
[Black "Southcott-Moyers, Indy"]
[Result "1/2-1/2"]
[ECO "D18"]
[WhiteElo "1356"]
[BlackElo "1952"]
[Annotator "TA"]
[PlyCount "63"]
[EventDate "2022.10.02"]
[EventType "team-tourn"]
[EventCountry "AZE"]
[SourceTitle "playchess.com"]
[Source "ChessBase"]
[SourceQuality "1"]
[WhiteTeam "South Africa"]
[BlackTeam "England"]
[WhiteTeamCountry "RSA"]
[BlackTeamCountry "ENG"]
[TimeControl "40/5400+30:1800+30"]

1. d4 d5 2. c4 c6 3. Nf3 Nf6 4. Nc3 dxc4 5. a4 Bf5 6. e3 e6 7. Bxc4 Bb4 8. O-O Nbd7 9. Qe2 O-O 10. e4 Bg6 11. Bd3 Bh5 12. e5 Nd5 13. Nxd5 cxd5 14. Qe3 Be7 15. Ng5 {[%emt 0:00:25] D19: Slav Defence: 5 a4 Bf5 6 e3: Main line with 9 Qe2.} Bxg5 16. Qxg5 Bg6 17. Be2 {[%emt 0:01:18] White has an edge.} Nb8 18. Qxd8 Rxd8 19. Be3 Nc6 20. a5 Rdc8 21. Rfc1 Nb4 {[%emt 0:06:32] [#]} 22. Rxc8+ $146 ({Predecessor:} 22. Rc3 Nc2 23. Rxc8+ Rxc8 24. Rc1 a6 25. Bd1 Kf8 26. Bxc2 Rxc2 27. Rxc2 {½-½ (27) Husemann,A (2091)-Kobryn,W (1936) LSS email 2013}) 22... Rxc8 23. Rc1 Rxc1+ 24. Bxc1 $15 {[%emt 0:00:08][%mdl 4096] Endgame KBB-KBN} a6 ({Black should play} 24... Nc6 $11) 25. Bd2 $14 Nc6 26. Bc3 Bc2 27. Kf1 Bb3 28. Ke1 Bc4 29. Bd1 h6 30. Bc2 Bb5 31. g3 h5 32. Kd2 {[%emt 0:03:32] Weighted Error Value: White=0.08 (flawless) /Black=0.10 (very precise)} 1/2-1/2

[Event "FIDE WY-U16 Olympiad 2022"]
[Site "Nakhchivan"]
[Date "2022.10.05"]
[Round "4.26"]
[White "Taspinar, Yanki"]
[Black "Navaratnam, Ishaan Quan Tze"]
[Result "1/2-1/2"]
[ECO "E63"]
[WhiteElo "2325"]
[BlackElo "1862"]
[Annotator "TA"]
[PlyCount "84"]
[EventDate "2022.10.02"]
[EventType "team-tourn"]
[EventCountry "AZE"]
[SourceTitle "playchess.com"]
[Source "ChessBase"]
[SourceQuality "1"]
[WhiteTeam "Turkey"]
[BlackTeam "Malaysia"]
[WhiteTeamCountry "TUR"]
[BlackTeamCountry "MAS"]
[TimeControl "40/5400+30:1800+30"]

1. d4 Nf6 2. c4 g6 3. Nc3 Bg7 4. Nf3 O-O 5. g3 d6 6. Bg2 Nc6 7. O-O a6 8. b3 {[%emt 0:02:50] 8.Bf4 is a critical line.} Rb8 9. a4 Bg4 {[%emt 0:16:16] [#] E63: King's Indian: Fianchetto: Panno Variation with 7...a6.} 10. Be3 $146 ({Predecessor:} 10. Bb2 Qc8 11. Re1 Re8 12. d5 Nb4 13. Qd2 a5 14. Nd4 Bh3 15. Bh1 Nd7 16. Na2 Nxa2 17. Rxa2 {½-½ (53) Rausis,I (2508)-Tkachiev,V (2634) Enghien les Bains 1999}) 10... Qc8 11. Qd2 Rd8 {[%emt 0:13:25] The position is equal.} 12. Rfc1 Bh3 13. d5 Nb4 14. Bh1 c5 15. Bh6 Bh8 16. Bg5 Qg4 17. Rab1 Qh5 18. Re1 Bg7 19. Bg2 Bf5 20. Rbc1 h6 21. Bxf6 Bxf6 22. Nd1 (22. h4 $11) 22... b5 23. a5 Bh3 (23... Bd7 $17) 24. Bxh3 $11 Qxh3 25. e4 Qh5 26. Kg2 Qg4 27. h3 Qd7 28. Ne3 Kh7 29. e5 Bg7 30. e6 (30. Ng4 $11 {remains equal.}) 30... fxe6 $17 31. dxe6 Qc6 (31... Qxe6 32. Nd5 Be5 33. Nxb4 cxb4 34. c5 $16) 32. Nd5 bxc4 33. bxc4 {[%emt 0:01:18] [#]} Nxd5 34. cxd5 Qa4 35. h4 {[%emt 0:01:07] [#]} (35. Rb1 $1 $15) 35... Rb2 ({Better is} 35... Rf8 $1 {And now ...Rb2 would win.} 36. Qc2 Qxc2 37. Rxc2 Rf5) 36. Qd3 Qa2 37. Rf1 Rb3 ({Reject} 37... Bd4 $6 38. h5 (38. Nxd4 Qxd5+ 39. Kg1 Qxd4 $17) 38... Rg8 39. Nxd4 Qxd5+ 40. Qf3 Qxd4 41. Rb1 (41. Qf7+ Kh8 $11) 41... Rxb1 42. Rxb1 $11) 38. Qe4 Rb4 39. Qd3 Rb3 40. Qe4 Rb4 41. Qd3 Rb3 42. Qe4 Rb4 {[%emt 0:00:00] Weighted Error Value: White=0.18 (very precise) /Black=0.23 (precise)} (42... Rf8 $15 43. Rc2 Qxa5) 1/2-1/2

[Event "FIDE WY-U16 Olympiad 2022"]
[Site "Nakhchivan"]
[Date "2022.10.05"]
[Round "4.26"]
[White "Pal, Rohan"]
[Black "Boshoma, Chisomo"]
[Result "1/2-1/2"]
[ECO "B38"]
[WhiteElo "1871"]
[BlackElo "1466"]
[Annotator "NA RC COMBH"]
[PlyCount "55"]
[EventDate "2022.10.02"]
[EventType "team-tourn"]
[EventCountry "AZE"]
[SourceTitle "playchess.com"]
[Source "ChessBase"]
[SourceQuality "1"]
[WhiteTeam "England"]
[BlackTeam "South Africa"]
[WhiteTeamCountry "ENG"]
[BlackTeamCountry "RSA"]
[TimeControl "40/5400+30:1800+30"]

1. e4 c5 2. Nf3 g6 3. d4 cxd4 4. Nxd4 Bg7 5. c4 Nc6 6. Be3 Nf6 7. Nc3 d6 8. Be2 O-O 9. O-O Bd7 10. f3 Nxd4 11. Bxd4 a5 12. Qd2 Bc6 13. Rfd1 Nd7 14. Be3 a4 15. Rac1 Qa5 16. Nd5 Bxd5 17. cxd5 Nc5 18. Rc4 Rfc8 19. Rb4 a3 20. Bd4 Bxd4+ 21. Qxd4 axb2 22. Rxb2 Qa7 23. Rdb1 Qa4 24. Qd2 Qa5 25. Qd4 Qa4 26. Qd2 Qa5 27. Qd4 Qa4 28. Qd2 1/2-1/2

[Event "FIDE WY-U16 Olympiad 2022"]
[Site "Nakhchivan"]
[Date "2022.10.05"]
[Round "4.27"]
[White "Emran, Muhammad Emir Rasyid"]
[Black "Camlar, Arda"]
[Result "0-1"]
[ECO "B40"]
[WhiteElo "1634"]
[BlackElo "2322"]
[Annotator "TA"]
[PlyCount "110"]
[EventDate "2022.10.02"]
[EventType "team-tourn"]
[EventCountry "AZE"]
[SourceTitle "playchess.com"]
[Source "ChessBase"]
[SourceQuality "1"]
[WhiteTeam "Malaysia"]
[BlackTeam "Turkey"]
[WhiteTeamCountry "MAS"]
[BlackTeamCountry "TUR"]
[TimeControl "40/5400+30:1800+30"]

1. e4 c5 2. Nf3 e6 3. c3 Nf6 4. e5 Nd5 5. d4 cxd4 6. cxd4 b6 7. Bc4 Ba6 {[%emt 0:01:02] B22: Sicilian: 2 c3.} 8. b3 Be7 9. O-O Bb7 {[%emt 0:01:01] White has an edge.} 10. Bxd5 Bxd5 {[%emt 0:00:32] [#]} 11. Ba3 $146 (11. Nc3 $14) ({Predecessor:} 11. Nc3 Bb7 12. d5 O-O 13. d6 Bh4 14. Bd2 h6 15. Rc1 f5 16. Nb5 Na6 17. b4 {½-½ (80) Gottardi,G (2620)-Poulsen,A (2590) ICCF corr 1996}) 11... Bxa3 $11 12. Nxa3 Nc6 13. Nb5 O-O 14. Ne1 Ne7 15. Nc2 Nf5 16. Ne3 Bc6 17. Nd6 Nxd6 18. exd6 Qb8 (18... Qg5 $11) 19. d5 $1 $14 Bb5 20. dxe6 $2 {[%emt 0:00:44] [#]} (20. Re1 $14 {is the one way to stay ahead.}) 20... dxe6 $17 ({Don't do} 20... Bxf1 21. e7 Rc8 22. Kxf1 $16 (22. Nxf1 Rc6 $17)) 21. Re1 Rd8 22. Qh5 Bd3 23. Ng4 Bg6 24. Qe5 Qxd6 25. Qxd6 Rxd6 26. Red1 Rxd1+ 27. Rxd1 {[%emt 0:00:01][%mdl 4096] Endgame KRB-KRN} Rc8 28. Ne3 f6 29. Kf1 Be8 {[%emt 0:00:21] Inhibits Rd7.} 30. Ke1 Kf8 31. Nc4 Ke7 32. Nd6 Rd8 33. Nxe8 {[%emt 0:00:09] White does not recover from this.} (33. Nc4 $17 {was the crucial defense.}) 33... Rxd1+ $19 ({Stronger than} 33... Kxe8 34. Rc1 $17) 34. Kxd1 Kxe8 $17 {[%emt 0:00:18] KP-KP} 35. Kd2 Kd7 36. Kd3 e5 37. Kc4 Kc6 38. h4 (38. Kd3 $142 f5 39. g3) 38... g6 $19 39. g3 b5+ 40. Kb4 Kb6 41. a4 a5+ 42. Ka3 b4+ 43. Kb2 Kc5 44. Kc2 Kd4 45. Kd2 e4 46. g4 f5 {[%emt 0:00:00] [#] ( -> ...f4)} 47. gxf5 gxf5 {[%emt 0:00:00] Black mates.} 48. h5 f4 49. h6 f3 50. Kc2 e3 51. Kd1 exf2 52. Kc2 f1=Q 53. Kb2 Qe2+ 54. Ka1 f2 55. Kb1 f1=R# {[%emt 0:00:00] Weighted Error Value: White=0.73/Black=0.04 (flawless)} 0-1

[Event "FIDE WY-U16 Olympiad 2022"]
[Site "Nakhchivan"]
[Date "2022.10.05"]
[Round "4.27"]
[White "Price, Rowan Daelen"]
[Black "Subramanian, Anusha"]
[Result "0-1"]
[ECO "C10"]
[WhiteElo "1329"]
[BlackElo "1840"]
[Annotator "NA RC COMBH"]
[PlyCount "82"]
[EventDate "2022.10.02"]
[EventType "team-tourn"]
[EventCountry "AZE"]
[SourceTitle "playchess.com"]
[Source "ChessBase"]
[SourceQuality "1"]
[WhiteTeam "South Africa"]
[BlackTeam "England"]
[WhiteTeamCountry "RSA"]
[BlackTeamCountry "ENG"]
[TimeControl "40/5400+30:1800+30"]

1. e4 e6 2. d4 d5 3. Nc3 dxe4 4. Nxe4 Nd7 $14 5. Nf3 Ngf6 6. Bd3 Nxe4 7. Bxe4 Nf6 8. Bg5 Be7 9. Bxf6 Bxf6 10. c3 O-O 11. Qd3 h6 12. O-O a5 13. Rad1 a4 14. Rfe1 Rb8 15. Re3 b5 16. a3 Bb7 17. Bxb7 Rxb7 18. Ne5 Qd6 19. Rde1 Rd8 20. Qe4 Rb6 21. Ng4 Bg5 22. f4 Bxf4 23. Rf3 Bd2 24. Rxf7 Kxf7 25. Rf1+ Kg8 26. Qg6 Rf8 27. Nf6+ Rxf6 28. Rxf6 Qe7 29. Rf3 e5 30. Qe4 Re6 31. Qe2 e4 32. Rf5 e3 33. Rxb5 Qf7 34. h3 Qg6 35. Qc4 e2 36. Re5 e1=Q+ 37. Rxe1 Bxe1 38. d5 Re4 39. Qxc7 Re2 40. g4 Qe4 41. Qc8+ Kh7 0-1

[Event "FIDE WY-U16 Olympiad 2022"]
[Site "Nakhchivan"]
[Date "2022.10.05"]
[Round "4.28"]
[White "Alagoz, Zumra Meryem"]
[Black "Thamil Manni, Swetha"]
[Result "1-0"]
[ECO "A06"]
[WhiteElo "1800"]
[BlackElo "1428"]
[Annotator "NA RC COMBH"]
[PlyCount "115"]
[EventDate "2022.10.02"]
[EventType "team-tourn"]
[EventCountry "AZE"]
[SourceTitle "playchess.com"]
[Source "ChessBase"]
[SourceQuality "1"]
[WhiteTeam "Turkey"]
[BlackTeam "Malaysia"]
[WhiteTeamCountry "TUR"]
[BlackTeamCountry "MAS"]
[TimeControl "40/5400+30:1800+30"]

1. Nf3 d5 2. b3 c5 3. Bb2 Nc6 4. e3 a6 5. Be2 Bf5 6. O-O e6 7. a3 Nf6 8. d4 Rc8 9. c4 dxc4 10. bxc4 Qb6 11. Ra2 Rd8 12. Qa4 Be7 13. Nc3 O-O 14. d5 Na5 15. Nh4 Nb3 16. Nxf5 exf5 17. Rd1 Na5 18. Bd3 g6 19. Ne2 Qc7 20. d6 Bxd6 21. Bxf6 Bxh2+ 22. Kh1 Rd6 23. Bc3 b6 24. g3 Qb7+ 25. Kxh2 Qf3 26. Ng1 Qh5+ 27. Kg2 b5 28. Be2 bxa4 29. Bxh5 Nxc4 30. Rxd6 Nxd6 31. Be2 Nb5 32. Bf6 Rc8 33. Bd1 Rc6 34. Ba1 c4 35. Bxa4 c3 36. Ne2 Rc7 37. Bxb5 axb5 38. Nxc3 Rd7 39. Nxb5 h5 40. a4 Rb7 41. Rc2 Kf8 42. Bf6 Rb8 43. a5 Ke8 44. Rd2 Kf8 45. a6 Kg8 46. a7 Ra8 47. Rd8+ Rxd8 48. Bxd8 f4 49. a8=Q f3+ 50. Kxf3 Kg7 51. Qa1+ Kg8 52. Bf6 Kh7 53. Qa8 g5 54. Qh8+ Kg6 55. e4 g4+ 56. Kf4 h4 57. Qg7+ Kh5 58. Qg5# 1-0

[Event "FIDE WY-U16 Olympiad 2022"]
[Site "Nakhchivan"]
[Date "2022.10.05"]
[Round "4.28"]
[White "Dasgupta, Avyukt"]
[Black "Nel, Hayley"]
[Result "1/2-1/2"]
[ECO "D00"]
[WhiteElo "1687"]
[BlackElo "1191"]
[Annotator "NA RC COMBH"]
[PlyCount "83"]
[EventDate "2022.10.02"]
[EventType "team-tourn"]
[EventCountry "AZE"]
[SourceTitle "playchess.com"]
[Source "ChessBase"]
[SourceQuality "1"]
[WhiteTeam "England"]
[BlackTeam "South Africa"]
[WhiteTeamCountry "ENG"]
[BlackTeamCountry "RSA"]
[TimeControl "40/5400+30:1800+30"]

1. d4 d5 2. Bf4 Nf6 3. e3 c5 4. c3 Nc6 5. Nd2 e6 6. Ngf3 cxd4 7. exd4 Nh5 8. Bg3 Nxg3 9. hxg3 g6 10. Bd3 Bg7 11. Qe2 O-O 12. Ne5 Qc7 13. f4 f6 14. Nxc6 Qxc6 15. O-O Bd7 16. Rae1 Qd6 17. Nf3 a6 18. g4 Rfe8 19. g5 f5 20. g3 b5 21. a3 Rab8 22. b4 Rec8 23. Rc1 Rc6 24. Rc2 Rbc8 25. Rfc1 Qc7 26. Qd2 Kf7 27. Kg2 Be8 28. Ng1 Kg8 29. Ne2 Bf8 30. Ra1 Rb6 31. Rac1 Bc6 32. Qe3 Re8 33. Kf2 Qa7 34. Ng1 Rb7 35. Nf3 Bd6 36. Ne5 Bxe5 37. Qxe5 Qb8 38. Qe3 Ra7 39. Rh1 Qd6 40. Rhc1 Rc8 41. Be2 Re8 42. Ra2 1/2-1/2

[Event "FIDE WY-U16 Olympiad 2022"]
[Site "Nakhchivan"]
[Date "2022.10.05"]
[Round "4.29"]
[White "Karsten, Jan"]
[Black "Arkadan, Adib"]
[Result "1/2-1/2"]
[ECO "B51"]
[WhiteElo "1985"]
[BlackElo "1928"]
[Annotator "TA"]
[PlyCount "129"]
[EventDate "2022.10.02"]
[EventType "team-tourn"]
[EventCountry "AZE"]
[SourceTitle "playchess.com"]
[Source "ChessBase"]
[SourceQuality "1"]
[WhiteTeam "South Africa"]
[BlackTeam "Lebanon"]
[WhiteTeamCountry "RSA"]
[BlackTeamCountry "LBN"]
[TimeControl "40/5400+30:1800+30"]

1. e4 c5 2. Nf3 d6 3. Bb5+ Nd7 4. a4 Ngf6 5. Nc3 a6 (5... e6 {is interesting.} 6. d4 cxd4 7. Qxd4 a6) 6. Be2 {[%emt 0:00:09] B51: Sicilian: Moscow Variation (3 Bb5+) without 3...Bd7.} g6 7. O-O Bg7 8. a5 {[%emt 0:00:10] White has an edge.} O-O 9. d3 b5 10. axb6 $1 Bb7 11. Qd2 Nxb6 12. Qg5 e5 13. Qh4 Nfd7 {[%emt 0:11:05] [#]} 14. Qxd8 $146 ({Predecessor:} 14. Qh3 Nb8 15. Bg5 f6 16. Qe6+ Kh8 17. Be3 Nc6 18. Na4 Nxa4 19. Rxa4 Nd4 20. Bxd4 cxd4 {½-½ (32) Knudsen,S (2210)-Poupalos,N (1971) Cattolica 2022}) 14... Rfxd8 15. Nd2 a5 16. Nc4 Nxc4 17. dxc4 Nb6 18. Bg5 f6 19. Be3 Bc6 20. Rfd1 Kf7 21. Ra3 Bf8 22. f3 a4 23. Rda1 Rdb8 24. Kf1 Ra5 {[%emt 0:02:18] [#]} (24... f5 $11 {remains equal.}) 25. Ke1 (25. b3 $1 $16) 25... Be7 26. Kd1 (26. b3 $16) 26... Bd8 27. Kc1 Ke7 28. Bd2 {[%emt 0:03:36] Strongly threatening Nd5+.} Ra7 29. b3 Rba8 30. Nb5 Ra6 31. Nc3 (31. h4 $14) 31... R6a7 $1 $16 32. Bd1 ({White should try} 32. g4 $16) 32... Ra6 33. Nd5+ Kd7 (33... Nxd5 $11 34. cxd5 Bb5) 34. c3 {[%emt 0:05:39] White has more active pieces.} R6a7 35. Be2 Kc8 36. b4 Kb7 37. Nxb6 ({Better is} 37. Rb1 $16) 37... Bxb6 38. b5 Bd7 39. Kc2 f5 40. Bg5 {[%emt 0:00:48] Rd1 is the strong threat.} Re8 41. Rxa4 Rxa4 42. Rxa4 h6 43. Bd2 f4 44. Ra1 Ra8 45. Rd1 Be6 46. Kb2 g5 47. Rg1 h5 48. g3 Rg8 49. Bf1 Bd8 50. Kb3 Bf6 51. gxf4 gxf4 52. Rxg8 Bxg8 $11 {[%emt 0:00:04][%mdl 4096] Endgame KBB-KBB} 53. Bh3 Bf7 54. Bd7 Kc7 55. Bc6 (55. Bf5 $11) 55... Be6 (55... h4 $1 $15) 56. Be1 {[%emt 0:00:00] The position is equal.} h4 57. Bd5 Bh3 58. Bf7 Bg2 59. Bh5 Bf1 60. Bg4 Kb6 61. h3 Bd3 62. Bd2 Bg5 63. Be1 Bf6 64. Bd2 Bg5 65. Be1 {[%emt 0:00:05] Weighted Error Value: White=0.18 (very precise) /Black=0.15 (very precise)} 1/2-1/2

[Event "FIDE WY-U16 Olympiad 2022"]
[Site "Nakhchivan"]
[Date "2022.10.05"]
[Round "4.30"]
[White "Karam, Youssef Mark"]
[Black "Badenhorst, Chloe"]
[Result "1/2-1/2"]
[ECO "D72"]
[WhiteElo "1522"]
[BlackElo "1687"]
[Annotator "NA RC COMBH"]
[PlyCount "78"]
[EventDate "2022.10.02"]
[EventType "team-tourn"]
[EventCountry "AZE"]
[SourceTitle "playchess.com"]
[Source "ChessBase"]
[SourceQuality "1"]
[WhiteTeam "Lebanon"]
[BlackTeam "South Africa"]
[WhiteTeamCountry "LBN"]
[BlackTeamCountry "RSA"]
[TimeControl "40/5400+30:1800+30"]

1. d4 Nf6 2. c4 g6 3. g3 Bg7 4. Bg2 d5 5. cxd5 Nxd5 6. e4 Nb6 7. Ne2 O-O 8. O-O Nc6 9. d5 Na5 10. Nec3 Bd7 11. a4 c5 12. dxc6 Bxc6 13. Nd2 Bd7 14. Nb3 Nxb3 15. Qxb3 Be6 16. Nd5 Nxd5 17. exd5 Bc8 18. Bf4 Qb6 19. Qxb6 axb6 20. Ra2 b5 21. a5 e5 22. Be3 f5 23. Rc1 e4 24. Bf1 Rd8 25. Bxb5 Rxd5 26. Bc4 Be6 27. Bxd5 Bxd5 28. Ra4 Bxb2 29. Rc5 Bc6 30. Ra2 Bf6 31. a6 Rd8 32. a7 Ra8 33. Bf4 Bd4 34. Rca5 Bb6 35. R5a3 Bc5 36. Ra5 Bb6 37. R5a3 Bc5 38. Ra5 Bb6 39. R5a3 Bc5 1/2-1/2